 Dungeon Crawl Stone Soup version 0.27-a0-1065-ge809cff456 (console) character file.

Game seed: 8679546561312720952

3245 nht the Martial Artist (level 9, -10/76 HPs)
             Began as a Demonspawn Transmuter on Apr 23, 2021.
             Was an Initiate of Gozag.
             Mangled by a cyclops (15 damage)
             ... on level 8 of the Dungeon.
             The game lasted 00:16:54 (11395 turns).

nht the Martial Artist (Demonspawn Transmuter)     Turns: 11395, Time: 00:16:54

Health: -10/76     AC:  7    Str: 10    XL:     9   Next: 67%
Magic:  6/10       EV: 12    Int: 18    God:    Gozag
Gold:   1387       SH:  0    Dex: 14    Spells: 3/12 levels left

rFire    . . .     SeeInvis .     - Unarmed
rCold    . . .     Faith    .   (shield currently unavailable)
rNeg     . . .     Spirit   .   (armour currently unavailable)
rPois    +         Reflect  .   (helmet currently unavailable)
rElec    .         Harm     .   (cloak currently unavailable)
rCorr    .         Rampage  .   (gloves currently unavailable)
Will     .....                  (boots currently unavailable)
Stlth    +.........             j - amulet of the acrobat
HPRegen  0.22/turn              D - ring of poison resistance
MPRegen  0.12/turn              y - +4 ring of evasion

@: hydra-form
A: fast swimmer, devour, amphibious, boosted hp, very large, (talons 2), demonic
guardian 1, (sturdy frame 2), low mp 1, screaming 1
a: End Transformation, Renounce Religion, Potion Petition, Call Merchant, Bribe
Branch


You were on level 8 of the Dungeon.
You worshipped Gozag.
Gozag was most pleased with you.
You were a two-headed hydra.
You visited 2 branches of the dungeon, and saw 9 of its levels.
You also visited: Ossuary.

You collected 1835 gold pieces.
You spent 390 gold pieces at shops.
You paid 58 gold pieces to Gozag.

Inventory:

Missiles
 b - 9 throwing nets
 d - 5 boomerangs of dispersal
 i - 18 atropa-tipped darts
Armour
 a - a +0 robe (melded)
 m - a +0 cloak (melded)
Jewellery
 j - an amulet of the acrobat (around neck)
 q - an amulet of guardian spirit
 r - a ring of see invisible
 y - a +4 ring of evasion (right foreclaw)
 B - a ring of ice
 D - a ring of poison resistance (left foreclaw)
Scrolls
 e - 2 scrolls of enchant weapon
 h - a scroll of torment
 k - 2 scrolls of amnesia
 l - a scroll of fear
 o - 4 scrolls of identify
 p - 2 scrolls of teleportation
 t - a scroll of fog
 u - 3 scrolls of immolation
 w - a scroll of magic mapping
Potions
 c - 3 potions of haste
 f - 5 potions of flight
 g - 3 potions of cancellation
 s - 2 potions of mutation
 v - a potion of heal wounds
 x - 6 potions of curing
 z - 3 potions of brilliance
 C - a potion of attraction


   Skills:
 - Level 1.0 Fighting
 - Level 1.7 Dodging
 * Level 10.6 Unarmed Combat
 - Level 2.0 Spellcasting
 + Level 7.4 Transmutations


You had 3 spell levels left.
You knew the following spells:

 Your Spells              Type           Power      Damage    Failure   Level
a - Beastly Appendage     Tmut           56%        N/A       1%          1
b - Spider Form           Tmut/Pois      7%         N/A       12%         3
c - Hydra Form            Tmut           14%        N/A       24%         5

Your spell library contained the following spells:

 Spells                   Type           Power      Damage    Failure   Level
 Wereblood                Tmut           28%        N/A       1%          2
 Passwall                 Tmut/Erth      12%        N/A       6%          2
 Corona                   Hex            1%         N/A       19%         1
 Sandblast                Erth           2%         2d4       19%         1
 Confusing Touch          Hex            1%         N/A       47%         3
 Dazzling Flash           Conj/Hex       2%         N/A       47%         3
 Gell's Gravitas          Tloc           0%         N/A       47%         3
 Stone Arrow              Conj/Erth      2%         3d7       47%         3
 Ice Form                 Ice/Tmut       15%        N/A       36%         4
 Petrify                  Tmut/Erth      15%        N/A       36%         4
 Yara's Violent Unravell  Hex/Tmut       7%         3d5       73%         5
 Borgnjor's Vile Clutch   Necr/Erth      0%         N/A       99%         5
 Lee's Rapid Deconstruct  Erth           0%         3d5*      99%         5
 Metabolic Englaciation   Hex/Ice        0%         N/A       99%         5
 Statue Form              Tmut/Erth      10%        N/A       99%         6


Dungeon Overview and Level Annotations

Branches:
Dungeon (8/15)             Temple (1/1) D:4         Ossuary (visited)
   Lair: D:8-11

Altars:
Ashenzari
Cheibriados
Dithmenos
Elyvilon
Fedhas
Gozag
Hepliaklqana
Kikubaaqudgha
Makhleb
Nemelex Xobeh
Okawaru
Qazlal
Ru
Sif Muna
Uskayaw
Vehumet
Wu Jian
Xom
Zin
The Shining One

Shops:
D:1 ?   D:2 (   D:5 *   D:8 (

Annotations:
D:3 2 transporters, VictorG's ghost, amateur DjWn


Innate Abilities, Weirdness & Mutations

You are a two-headed hydra.
You swim very quickly.
You can devour living enemies to heal.
You are amphibious.
Your maximum health is greatly increased.
Your armour is entirely melded.
You are incapable of wielding weapons or throwing items.
((You have razor-sharp toenails.))
A weak demonic guardian rushes to your aid.
((Your movements are less encumbered by armour. (ER -4)))
Your magical capacity is low. (-10% MP)
You occasionally shout uncontrollably at your foes.


Message History

Your quasit claws the cyclops but does no damage.
The cyclops misses your quasit.
Your quasit bites the cyclops.
Your quasit claws the cyclops.
Your quasit claws the cyclops but does no damage.
The cyclops throws a large rock.
The large rock hits your quasit!!
Your quasit dies!
You bite the cyclops!
The cyclops is moderately wounded.
The cyclops hits you!
You nip at the cyclops but do no damage.
The cyclops is moderately wounded.
The cyclops closely misses you.
You nip at the cyclops.
The cyclops is moderately wounded.
You nip at the cyclops.
The cyclops is heavily wounded.
The cyclops hits you!!
* * * LOW HITPOINT WARNING * * *
You nip at the cyclops.
The cyclops is heavily wounded.
You nip at the cyclops.
The cyclops is heavily wounded.
The cyclops hits you.
* * * LOW HITPOINT WARNING * * *
You nip at the cyclops but do no damage.
The cyclops is heavily wounded.
You nip at the cyclops but do no damage.
The cyclops is heavily wounded.
The cyclops closely misses you.
You bite the cyclops!
The cyclops is severely wounded.
The cyclops hits you!
* * * LOW HITPOINT WARNING * * *
You nip at the cyclops.
The cyclops is almost dead.
You completely miss the cyclops.
The cyclops is almost dead.
The cyclops hits you!
You die...
Your body crumbles into a pile of gold.

█..█ █.█ █>.██
████.█
█...████....█
█......'....█
........████....█
█████.█.█ █....█
█.█.█ █....█
█.█.████....█
..█.█....D..█
███.█.██C...█ ..█
█....█ [......
█<█.█████ █.█.█
█...█ ....█
█████.█


You could see a cyclops.

Vanquished Creatures
  Harold (D:7)
  Menkaure (D:7)
  Edmund (D:4)
  3 water moccasins
  Duvessa (D:7)
  A black bear (D:6)
  An ogre (D:6)
  2 centaurs
  A phantom (D:5)
  A kobold brigand (D:7)
  3 bullfrogs
  A wyvern zombie (D:6)
  2 water moccasin zombies
  4 scorpions
  Dowan (D:7)
  3 killer bees (D:8)
  A howler monkey (D:8)
  2 centaur zombies
  2 hounds (D:4)
  A scorpion zombie (D:5)
  4 orc wizards
  A killer bee zombie (D:6)
  4 mummies (Ossuary)
  5 gnolls
  A howler monkey skeleton (D:6)
  7 adders
  A white imp (D:5)
  2 ufetubi
  2 worms
  2 dart slugs (D:1)
  15 orcs
  4 ball pythons
  7 endoplasms
  A giant cockroach (D:3)
  3 goblins
  11 hobgoblins
  8 jackals
  6 kobolds
  6 quokkas
  A bat (D:2)
  A frilled lizard (D:2)
  2 gnoll zombies (Ossuary)
  3 goblin zombies (Ossuary)
  A hobgoblin zombie (Ossuary)
  An orc zombie (Ossuary)
  2 rats (D:1)
134 creatures vanquished.

Vanquished Creatures (collateral kills)
  A sky beast (D:6)
1 creature vanquished.

Vanquished Creatures (others)
  A water moccasin (D:7)
  A human (D:6)
  A gnoll sergeant (D:6)
  A gnoll (D:6)
4 creatures vanquished.

Grand Total: 139 creatures vanquished

Notes
Turn   | Place    | Note
-------+----------+-------------------------------------------
     0 | D:1      | nht the Demonspawn Transmuter began the quest for the Orb.
     0 | D:1      | Reached XP level 1. HP: 15/15 MP: 3/3
     6 | D:1      | Found Syrphus's Magic Scroll Emporium.
   166 | D:1      | Reached skill level 3 in Unarmed Combat
   333 | D:1      | Mutation became permanent: You have sharp toenails.
                  | [demonic ancestry]
   333 | D:1      | Gained mutation: You have razor-sharp toenails. [demonic
                  | ancestry]
   333 | D:1      | Reached XP level 2. HP: 19/21 MP: 3/5
  1333 | D:1      | Bought a scroll of identify for 24 gold pieces
  1575 | D:2      | Reached XP level 3. HP: 25/26 MP: 4/6
  1617 | D:2      | Found Rosuidepu's Antique Weapon Shop.
  1780 | D:2      | Found a faded altar of an unknown god.
  2155 | D:2      | Noticed a scorpion
  2161 | D:2      | Learned a level 3 spell: Spider Form
  2174 | D:2      | Killed a scorpion
  2175 | D:2      | Reached skill level 4 in Unarmed Combat
  2175 | D:2      | Reached XP level 4. HP: 26/32 MP: 3/7
  2715 | D:2      | Gained mutation: Your movements are slightly less
                  | encumbered by armour. (ER -2) [demonic ancestry]
  2715 | D:2      | Reached XP level 5. HP: 10/37 MP: 8/8
  3329 | D:3      | Found a radiant altar of Vehumet.
  3633 | D:3      | Found a transporter.
  3635 | D:3      | Found a transporter.
  3636 | D:3      | Noticed VictorG's ghost (amateur DjWn)
  4250 | D:4      | Noticed Edmund
  4353 | D:4      | Reached skill level 5 in Unarmed Combat
  4439 | D:4      | Reached XP level 6. HP: 41/43 MP: 7/9
  4507 | D:4      | Found a staircase to the Ecumenical Temple.
  4521 | Temple   | Entered the Ecumenical Temple
  4716 | Temple   | Became a worshipper of Gozag Ym Sagoz the Greedy
  4967 | D:4      | Killed Edmund
  5183 | D:4      | Reached skill level 6 in Unarmed Combat
  5435 | D:4      | Gained mutation: A weak demonic guardian rushes to your
                  | aid. [demonic ancestry]
  5435 | D:4      | Reached XP level 7. HP: 38/48 MP: 8/10
  5616 | D:1      | Bought a scroll of magic mapping for 42 gold pieces
  5616 | D:1      | Bought a scroll of identify for 24 gold pieces
  5616 | D:1      | Bought a scroll of teleportation for 36 gold pieces
  5616 | D:1      | Bought a scroll of fog for 24 gold pieces
  5683 | D:5      | Entered Level 5 of the Dungeon
  5702 | D:5      | Found a sand-covered staircase.
  5708 | Ossuary  | Entered an ossuary
  6661 | D:5      | Reached skill level 7 in Unarmed Combat
  6734 | D:5      | Identified the Guide on Fetching Earth
  6874 | D:5      | Found Inegext's General Store.
  7143 | D:5      | Bought a wand of charming (11) for 169 gold pieces
  7143 | D:5      | Bought a scroll of immolation for 45 gold pieces
  7143 | D:5      | Bought a scroll of identify for 26 gold pieces
  7509 | D:5      | Learned a level 5 spell: Hydra Form
  7638 | D:6      | Reached skill level 5 in Transmutations
  7723 | D:6      | Gained mutation: You occasionally shout uncontrollably at
                  | your foes. [mutagenic glow]
  7797 | D:6      | Gained mutation: Your movements are less encumbered by
                  | armour. (ER -4) [demonic ancestry]
  7797 | D:6      | Reached XP level 8. HP: 54/54 MP: 6/11
  7862 | D:6      | Reached skill level 8 in Unarmed Combat
  8833 | D:6      | Found an ancient bone altar of Kikubaaqudgha.
  9422 | D:6      | Reached skill level 9 in Unarmed Combat
  9591 | D:6      | Identified a scroll of acquirement
  9591 | D:6      | Acquired 893 gold pieces
 10024 | D:7      | Noticed Harold
 10035 | D:7      | Killed Harold
 10036 | D:7      | Gained mutation: You have razor-sharp toenails. [demonic
                  | ancestry]
 10036 | D:7      | Reached XP level 9. HP: 59/59 MP: 2/12
 10041 | D:7      | Noticed Menkaure
 10043 | D:7      | Gained mutation: Your magical capacity is low. (-10% MP)
                  | [mutagenic glow]
 10051 | D:7      | Killed Menkaure
 10052 | D:7      | Reached skill level 10 in Unarmed Combat
 10251 | D:7      | Noticed Duvessa
 10251 | D:7      | Noticed Dowan
 10266 | D:7      | Killed Duvessa
 10271 | D:7      | Killed Dowan
 10357 | D:7      | Found a burning altar of Makhleb.
 10482 | D:7      | Found a blossoming altar of Fedhas.
 10848 | D:8      | Found Xoegh's Antique Weapon Boutique.
 10903 | D:8      | Found a broken altar of Ashenzari.
 11372 | D:8      | Noticed a cyclops
 11395 | D:8      | Mangled by a cyclops

Illustrated notes

Levels and vault maps discovered:
D:1:      saegor_arrival_simple_b, layout_basic, serial_shops, shop,
          hangedman_decor_peaks_small
D:2:      layout_basic, serial_shops, shop, shapermc_ecumenical_altar_gd
D:3:      layout_loops_corners, jmf_multi_god_temple, gammafunk_ghost_mausoleum,
          minmay_fountain_box
D:4:      layout_basic, minmay_temple_entry_glass, uniq_edmund
D:5:      layout_basic, nicolae_ossuary_entry_plus, serial_shops,
          nicolae_shop_statue_plus, serial_co_window_serial, co_window_paths_a,
          co_window_corner_a, co_window_paths_a, co_window_cross_1,
          co_window_cross_1, co_window_corner_cb, co_window_paths_c,
          co_window_broadway_b, co_window_sun, glass_columns_b, glass_columns_c,
          glass_columns_a, glass_columns_a
D:6:      layout_loops_corners, tgw_kikubaaqudgha,
          chequers_serial_rivers_small_3
D:7:      layout_cave_pools, nicolae_overflow_crystal_walls,
          lightli_temple_of_fire, uniq_duvessa, uniq_harold, uniq_menkaure
D:8:      layout_basic, nicolae_overflow_hidden_temple, serial_shops,
          nicolae_shop_waterfront
Temple:   eino_temple_water

Skill      XL: |  1  2  3  4  5  6  7  8  9 |
---------------+----------------------------+-----
Unarmed Combat | 3 4 5 6 7 9 10 | 10.6
Transmutations | 2 3 4 5 6 7 |  7.4
Fighting       | |  1.0
Dodging        | |  1.7
Spellcasting   | |  2.0

Action                   |  1- 3 |  4- 6 |  7- 9 || total
-------------------------+-------+-------+-------++-------
Melee: Unarmed           |    98 |   125 |   283 ||   506
       Headbutt          |    13 |    21 |    33 ||    67
       Kick              |    12 |    33 |    55 ||   100
       Punch             |     2 |     2 |     4 ||     8
 Cast: Beastly Appendage |    20 |    23 |    29 ||    72
       Spider Form       |     1 |       |    10 ||    11
       Hydra Form        |       |       |     2 ||     2
Evoke: Wand              |       |     7 |    29 ||    36
  Use: Scroll            |     3 |     1 |    13 ||    17
       Potion            |     1 |     1 |     3 ||     5
 Stab: Sleeping          |       |     1 |     1 ||     2
       Distracted        |       |       |     2 ||     2
       Invisible         |       |       |     1 ||     1
Armor: Robe              |    13 |    10 |    22 ||    45
       Skin              |     1 |       |     5 ||     6
Dodge: Dodged            |    58 |    68 |   174 ||   300

Table legend: (Time is in decaauts)
 A = Elapsed time spent in this place.
 B = Non-inter-level travel time spent in this place.
 C = Inter-level travel time spent in this place.
 D = Time resting spent in this place.
 E = Time spent auto-exploring this place.
 F = Levels seen in this place.
 G = Mean time per level.
                   A        B        C        D        E       F      G
               +--------+--------+--------+--------+--------+-----+--------+
         Total |  11325 |  10874 |    451 |    242 |   9415 |  10 | 1132.5 |
       Dungeon |  10770 |  10338 |    432 |    242 |   8989 |   8 | 1346.2 |
        Temple |    214 |    195 |     19 |      0 |    192 |   1 |  214.0 |
       Ossuary |    339 |    339 |      0 |      0 |    234 |   1 |  339.0 |
               +--------+--------+--------+--------+--------+-----+--------+

Top non-repeatable levels by time:
     D:6: 2349 daAuts
     D:2: 1660 daAuts
     D:5: 1563 daAuts
     D:1: 1542 daAuts
     D:3: 1156 daAuts
     D:4: 1080 daAuts
     D:7: 845 daAuts
     D:8: 572 daAuts
 Ossuary: 339 daAuts
  Temple: 214 daAuts
